[Event "Late-Titled-Tuesday-Blitz-March-05-2024"]
[Site "Chess.com"]
[Date "2024.03.05"]
[Round "7"]
[White "ninguno46"]
[Black "GianmarcoVaR"]
[Result "0-1"]
[WhiteElo "2508"]
[BlackElo "2763"]
[TimeControl "180+1"]
[EndTime "15:12:26 PST"]
[Termination "GianmarcoVaR won by resignation"]

1. e4 c5 2. Nc3 d6 3. f4 g6 4. Nf3 Bg7 5. Bb5+ Bd7 6. Bc4 Nc6 7.
O-O e6 8. a3 Nge7 9. d3 O-O 10.
Qe1 Nd4 11. Nxd4 Bxd4+ 12. Kh1 Bc6 13. Ba2 Bg7 14. f5 exf5 15. Qg3 Qd7 16. Bg5 Rae8 17. Qh4 d5 18. Rad1 f6 19. Bh6 Bxh6 20. Qxh6 Kh8 21.
Rf3 d4 22. Ne2 fxe4 23. Rh3 Ng8 24. Bxg8 Kxg8 25. dxe4 Rxe4 26. Ng3 Re3 27. Rf1 Rf7 28. Qf4 Qxh3 0-1

[Event "Late-Titled-Tuesday-Blitz-March-05-2024"]
[Site "Chess.com"]
[Date "2024.03.05"]
[Round "7"]
[White "carloseduar100"]
[Black "shirovin"]
[Result "1-0"]
[WhiteElo "2358"]
[BlackElo "2071"]
[TimeControl "180+1"]
[EndTime "15:12:32 PST"]
[Termination "carloseduar100 won by checkmate"]

1. g3 d6 2. Bg2 e5 3. Nf3 f5 4.
O-O Nf6 5. d3 Be7 6. c4 O-O 7.
Nc3 c6 8. Bg5 Qe8 9. e4 Qh5 10.
c5 dxc5 11. Qb3+ Qf7 12. Qxb7 Bxb7 13. Nxe5 Qh5 14. Be3 Ng4 15. Nf3 Nd7 16. h3 Nxe3 17. fxe3 Bd6 18. exf5 Bxg3 19. e4 Ne5 20. Ne2 Nxf3+ 21.
Rxf3 Be5 22. Raf1 c4 23. d4 Bc7 24. e5 Bb6 25. Kh2 c5 26. Ng3 Qh6 27. Rf4 Bxg2 28. Kxg2 cxd4 29. f6 d3 30. Nf5 Qg6+ 31. Rg4 Qe8 32.
Rxg7+ Kh8 33. Ne7 Bd4 34. Rf5 d2 35. Rh5 Rf7 36. Rhxh7# 1-0

[Event "Late-Titled-Tuesday-Blitz-March-05-2024"]
[Site "Chess.com"]
[Date "2024.03.05"]
[Round "7"]
[White "OverallStranger"]
[Black "thesupera12"]
[Result "1-0"]
[WhiteElo "2385"]
[BlackElo "2477"]
[TimeControl "180+1"]
[EndTime "15:12:34 PST"]
[Termination "OverallStranger won by resignation"]

1. e4 d5 2. exd5 Qxd5 3. Nf3 Bg4 4. Be2 Nc6 5. h3 Bh5 6. d4 O-O-O 7. c4 Qa5+ 8. Bd2 Qb6 9. c5 Qxb2 10. Bc3 Qxa1 11. Bxa1 e5 12. Nxe5 Nxe5 13. Bxh5 Bxc5 14. Bxf7 Nxf7 15. Qg4+ Kb8 16. dxc5 Re8+ 17. Kf1 Ngh6 18. Qxg7 Rhg8 19. Qxh7 Rd8 20. g3 Rge8 21. Bg7 Ng8 22. Kg2 Ng5 23. Qh5 Ne6 24. Bb2 Ne7 25. Re1 Nd5 26.
Qf3 Nef4+ 27. gxf4 Rxe1 28. Nc3 Rg8+ 29. Kh2 Nf6 30.
Ne2 Nd7 31. Qd5 Re8 32. Qxd7 R1xe2 33. Be5 Rc8 34. Kg2 Rxa2 35. h4 Rg8+ 36. Kf3 Ra3+ 37. Ke4 Rc8 38. h5 a5 39. h6 Ra2 40. Qxc8+ Kxc8 41. h7 Re2+ 42. Kf5 1-0

[Event "Late-Titled-Tuesday-Blitz-March-05-2024"]
[Site "Chess.com"]
[Date "2024.03.05"]
[Round "7"]
[White "Elsa167"]
[Black "Rud_2008"]
[Result "1/2-1/2"]
[WhiteElo "2898"]
[BlackElo "2777"]
[TimeControl "180+1"]
[EndTime "15:12:40 PST"]
[Termination "Game drawn by agreement"]

1. d4 Nf6 2. c4 e6 3. Nf3 d5 4. Nc3 Bb4 5. Bg5 h6 6. Bxf6 Qxf6 7. e3 O-O 8. Rc1 Nc6 9. Be2 dxc4 10. Bxc4 e5 11. O-O exd4 12. Nd5 Qd6 13. Nxb4 Nxb4 14. Qxd4 Qxd4 15. Nxd4 Bd7 16. Rfd1 Rfd8 17. a3 Nc6 18. f4 Kf8 19. Nxc6 Bxc6 20. Kf2 Ke7 21. h4 f6 22. g4 Rxd1 23. Rxd1 Rd8 24. Rxd8 Kxd8 25. Bd3 Ke7 26.
e4 Kd6 27. Ke3 Bd7 28. Be2 c5 29. Bd1 b6 30. Bf3 Bc8 31. Be2 Bd7 32. Bf3 Bc8 33. Be2 Bd7 34. Bd1 Bc8 1/2-1/2

[Event "Late-Titled-Tuesday-Blitz-March-05-2024"]
[Site "Chess.com"]
[Date "2024.03.05"]
[Round "7"]
[White "Sajkochess"]
[Black "PawnEatingZombie"]
[Result "1-0"]
[WhiteElo "2330"]
[BlackElo "2167"]
[TimeControl "180+1"]
[EndTime "15:12:41 PST"]
[Termination "Sajkochess won by resignation"]

1. e4 d6 2. d4 Nf6 3. Nc3 e5 4.
Nf3 Nbd7 5. Rg1 h5 6. h3 c6 7. g4 hxg4 8. hxg4 Be7 9. g5 Nh5 10. Be3 g6 11. Qd2 Qc7 12. O-O-O Nb6 13. dxe5 dxe5 14.
Nxe5 Qxe5 15. Bd4 Qh2 16. Rg2 Qh4 17. Bxh8 Nf4 18. Bf6 Bxf6 19. gxf6 Qxf6 20. Rh2 Nh5 21. e5 Qe7 22. Ne4 Be6 23. Nf6+ Kf8 24. Qh6+ 1-0

[Event "Late-Titled-Tuesday-Blitz-March-05-2024"]
[Site "Chess.com"]
[Date "2024.03.05"]
[Round "7"]
[White "AndresDelgado77"]
[Black "SameerMujumdar"]
[Result "0-1"]
[WhiteElo "2302"]
[BlackElo "2442"]
[TimeControl "180+1"]
[EndTime "15:12:46 PST"]
[Termination "SameerMujumdar won on time"]

1. e4 c5 2. Nf3 d6 3. d4 cxd4 4. Qxd4 Nc6 5. Bb5 Bd7 6. Qd3 Nf6 7. Nc3 e6 8. Bf4 e5 9. Bg5 a6 10. Ba4 Be6 11. O-O-O Be7 12. Bxf6 gxf6 13. Bb3 Na5 14.
Kb1 Nxb3 15. axb3 a5 16. Nh4 a4 17. b4 a3 18. b3 O-O 19. Nd5 Kh8 20. Ka2 Rc8 21. Nf5 Bxf5 22. exf5 Rg8 23. g3 Bf8 0-1

[Event "Late-Titled-Tuesday-Blitz-March-05-2024"]
[Site "Chess.com"]
[Date "2024.03.05"]
[Round "7"]
[White "DanielNaroditsky"]
[Black "SaqoChess_Twitch"]
[Result "1-0"]
[WhiteElo "3087"]
[BlackElo "2649"]
[TimeControl "180+1"]
[EndTime "15:12:48 PST"]
[Termination "DanielNaroditsky won by resignation"]

1. e4 c5 2. c3 d5 3. exd5 Qxd5 4.
d4 Nc6 5. Nf3 Bg4 6. dxc5 Qxc5 7. Be3 Qf5 8. Nbd2 Rd8 9. Qb3 Qc8 10. Bc4 e6 11. O-O Nf6 12. Bb5 a6 13. Bxc6+ Qxc6 14. Ne5 Qd5 15. Nxg4 Nxg4 16. Qa4+ b5 17. Qxg4 f5 18.
Qe2 Bd6 19. c4 bxc4 20. Nxc4 Bb8 21. Rad1 Qb7 22. Rxd8+ Kxd8 23. Rd1+ Ke7 24. Bg5+ Kf7 25. Ne5+ Bxe5 26. Qxe5 Rc8 27. h4 h6 28. Be3 Qe7 29. Bd4 Rg8 30. Re1 g5 31. h5 g4 32.
Rc1 Rd8 1-0

[Event "Late-Titled-Tuesday-Blitz-March-05-2024"]
[Site "Chess.com"]
[Date "2024.03.05"]
[Round "7"]
[White "Nick12772"]
[Black "EsmeraldasAnderson03"]
[Result "0-1"]
[WhiteElo "2398"]
[BlackElo "2521"]
[TimeControl "180+1"]
[EndTime "15:12:52 PST"]
[Termination "EsmeraldasAnderson03 won by resignation"]

1. Nf3 d5 2. g3 Nf6 3. Bg2 c5 4. O-O h6 5. d4 cxd4 6. Nxd4 e5 7. Nb3 Nc6 8. c4 dxc4 9. N3d2 Be6 10. Qc2 Nd4 11. Qd1 Qc7 12. e3 Nc6 13. Nc3 a6 14. e4 Rd8 15. Nd5 Nxd5 16. exd5 Bxd5 17. Bxd5 Rxd5 18. Qf3 Rd3 19. Qe4 Rd4 20. Qe2 b5 21. a4 Be7 22. axb5 axb5 23. Ra8+ Rd8 24. Rxd8+ Bxd8 25. b3 c3 26. Ne4 b4 27. Qg4 O-O 28. Bxh6 f5 0-1

[Event "Late-Titled-Tuesday-Blitz-March-05-2024"]
[Site "Chess.com"]
[Date "2024.03.05"]
[Round "7"]
[White "GlavkonVVS"]
[Black "Mikasinski"]
[Result "0-1"]
[WhiteElo "2545"]
[BlackElo "2682"]
[TimeControl "180+1"]
[EndTime "15:12:56 PST"]
[Termination "Mikasinski won by checkmate"]

1. Nf3 Nf6 2. c4 e6 3. Nc3 d5 4. d4 Bb4 5. Bg5 h6 6. Bh4 g5 7.
Bg3 Ne4 8. Nd2 Nxc3 9. Qb3 Nxa2 10. Rxa2 Nc6 11. e3 a5 12. cxd5 exd5 13. h4 Qe7 14.
Bb5 Bd7 15. hxg5 Qxg5 16. Bxc6 Bxd2+ 17. Kxd2 Bxc6 18. Bxc7 Qxg2 19. Bg3 Qxh1 20. Qb6 O-O 21. Qc7 Qb1 22. Qf4 Bb5 23. Qg4+ Kh7 24. Be5 Rg8 25. Qh5 Qd3+ 26. Ke1 Rg1# 0-1

[Event "Late-Titled-Tuesday-Blitz-March-05-2024"]
[Site "Chess.com"]
[Date "2024.03.05"]
[Round "7"]
[White "Arlo2024"]
[Black "Kgutierrez95"]
[Result "1-0"]
[WhiteElo "2287"]
[BlackElo "2188"]
[TimeControl "180+1"]
[EndTime "15:12:57 PST"]
[Termination "Arlo2024 won by resignation"]

1. e4 c5 2. Nc3 d6 3. g3 Nc6 4. Bg2 g6 5. d3 Bg7 6. Nge2 Nf6 7. O-O O-O 8. f4 Bg4 9. h3 Bxe2 10. Nxe2 Nd7 11. g4 e5 12. f5 gxf5 13. exf5 f6 14. Nc3 Nb6 15. Nd5 Ne7 16. Nxb6 Qxb6 17. c3 d5 18. c4 Rad8 19. Qb3 Qxb3 20. axb3 a6 21.
Be3 d4 22. Bd2 Rd7 23. b4 cxb4 24. Bxb4 Rb8 25. Bd2 Bf8 26. b4 Nc6 27. Rfb1 Nd8 28. b5 axb5 29. Rxb5 b6 30. Rab1 Bc5 31. Rxc5 bxc5 32.
Rxb8 Kg7 33. Bd5 Nf7 34. Rb7 Rxb7 35. Bxb7 Nd6 1-0

[Event "Late-Titled-Tuesday-Blitz-March-05-2024"]
[Site "Chess.com"]
[Date "2024.03.05"]
[Round "7"]
[White "WilsonPalencia21"]
[Black "nindjaxx8"]
[Result "0-1"]
[WhiteElo "2571"]
[BlackElo "2702"]
[TimeControl "180+1"]
[EndTime "15:13:00 PST"]
[Termination "nindjaxx8 won by resignation"]

1. d4 d5 2. c4 e6 3. Nf3 Nf6 4. Nc3 Be7 5. Bg5 O-O 6. e3 h6 7.
Bxf6 Bxf6 8. Qc2 b6 9. cxd5 exd5 10. h4 Bb7 11. g4 g6 12. g5 hxg5 13. h5 Qe8 14. Bb5 c6 15. Bd3 Na6 16. a3 c5 17.
hxg6 cxd4 18. g7 Kxg7 19. Rh7+ Kg8 20. O-O-O dxc3 21. Bxa6 cxb2+ 22. Kb1 Bxa6 23. Rxd5 Rc8 24. Rxg5+ Bxg5 25. Qf5 Rc1+ 26. Kxb2 Qb5+ 27. Qxb5 Bxb5 28. Nxg5 Rc5 0-1

[Event "Late-Titled-Tuesday-Blitz-March-05-2024"]
[Site "Chess.com"]
[Date "2024.03.05"]
[Round "7"]
[White "giomar27"]
[Black "GMthekingindian"]
[Result "1-0"]
[WhiteElo "2418"]
[BlackElo "2294"]
[TimeControl "180+1"]
[EndTime "15:13:05 PST"]
[Termination "giomar27 won by resignation"]

1. f3 d5 2. g3 e5 3. Nh3 Nf6 4. Nf2 Nc6 5. Bg2 Bd7 6. O-O Be6 7. d3 Qd7 8. Nc3 h5 9. e4 d4 10. Ne2 O-O-O 11. h3 Be7 12. f4 exf4 13. gxf4 Qe8 14. Ng3 h4 15. Ne2 g6 16. Kh2 Nh5 17. e5 Bd5 18. Ne4 g5 19. fxg5 Nxe5 20. Nf4 Bxe4 21. Bxe4 Ng3 22. Re1 Bxg5 23. Nd5 Bxc1 24. Rxc1 f5 25.
Bg2 Qf7 26. Rxe5 Rhg8 27. Re7 Qg6 28. Rxc7+ Kb8 29. Rxb7+ Kxb7 30. Ne7+ Kb6 31. Nxg6 Rxg6 32. Qf3 Rd7 33. c3 Rdg7 34. cxd4 Ka5 35. Rc5+ 1-0

[Event "Late-Titled-Tuesday-Blitz-March-05-2024"]
[Site "Chess.com"]
[Date "2024.03.05"]
[Round "7"]
[White "Kostukov_Alex"]
[Black "dimoni64"]
[Result "1-0"]
[WhiteElo "2335"]
[BlackElo "1976"]
[TimeControl "180+1"]
[EndTime "15:13:07 PST"]
[Termination "Kostukov_Alex won by resignation"]

1. g3 Nf6 2. Bg2 g6 3. c4 Bg7 4.
Nf3 O-O 5. O-O d6 6. d4 Nc6 7.
Nc3 a6 8. h3 Rb8 9. Bf4 Na5 10.
Qd3 Bf5 11. e4 Bd7 12. e5 Bf5 13. Qe2 dxe5 14. Bxe5 Nd7 15. Bxg7 Kxg7 16. Rfe1 Nf6 17. g4 Bd7 18. b3 e6 19. g5 Ng4 20. hxg4 Nc6 21.
Rad1 Qe7 22. d5 Nb4 23. Qe5+ Kg8 24. Qxc7 Rfc8 25. Qe5 Qf8 26. Ne4 f5 27. Nf6+ 1-0

[Event "Late-Titled-Tuesday-Blitz-March-05-2024"]
[Site "Chess.com"]
[Date "2024.03.05"]
[Round "7"]
[White "TheAlienParty"]
[Black "dosto07"]
[Result "1/2-1/2"]
[WhiteElo "2400"]
[BlackElo "2508"]
[TimeControl "180+1"]
[EndTime "15:13:26 PST"]
[Termination "Game drawn - insufficient material"]

1. c4 e5 2. Nc3 Nf6 3. Nf3 Nc6 4.
e4 Bb4 5. d3 O-O 6. h3 d6 7. g3 Nd4 8. Bg2 Ne8 9. a3 Bc5 10. b4 Bb6 11. Na4 Nxf3+ 12. Qxf3 Bd4 13.
Ra2 c6 14. Be3 f5 15. O-O fxe4 16. Qxe4 Bf5 17. Qh4 Qxh4 18. gxh4 Bxd3 19. Rc1 Bxe3 20. fxe3 e4 21. Nb2 Nf6 22. Nxd3 exd3 23. Rd2 Rae8 24. Rxd3 Re6 25. Rcd1 Rfe8 26. Rxd6 Rxd6 27. Rxd6 Rxe3 28. a4 Rc3 29. Bf1 Kf8 30. b5 Ke7 31. Rd1 Ra3 32.
c5 Rxa4 33. bxc6 bxc6 34. Bg2 Rc4 35. Ra1 Rxc5 36. Rxa7+ Kf8 37. Rc7 Rh5 38. Rxc6 Rxh4 39. Kh2 Rd4 40. Rc7 Rd7 41. Rxd7 Nxd7 42. Kg3 Ke7 43.
Kf4 Kf6 44. Be4 Ne5 45. Bxh7 g6 46. Bxg6 Nxg6+ 47. Ke4 Kg5 48. h4+ Nxh4 1/2-1/2

[Event "Late-Titled-Tuesday-Blitz-March-05-2024"]
[Site "Chess.com"]
[Date "2024.03.05"]
[Round "7"]
[White "NateSolon"]
[Black "Pelusiansky"]
[Result "0-1"]
[WhiteElo "2678"]
[BlackElo "2577"]
[TimeControl "180+1"]
[EndTime "15:13:28 PST"]
[Termination "Pelusiansky won by resignation"]

1. d4 d5 2. Bf4 Nf6 3. e3 e6 4. Nf3 Bd6 5. Ne5 O-O 6. Nd2 c5 7. c3 Qc7 8. Bd3 Nbd7 9. Ndf3 Ne4 10. O-O b6 11. Qc2 Bb7 12. Nxd7 Qxd7 13. Bxd6 Qxd6 14. Bxe4 dxe4 15. Nd2 cxd4 16. exd4 f5 17. f3 Ba6 18. Rfe1 Bd3 19. Qb3 Qf4 20. Rad1 Rae8 21. Nf1 Kh8 22. Ng3 exf3 23. gxf3 Ba6 24. Rxe6 Qxf3 25. Rde1 Rc8 26. Re7 f4 27. Ne4 Qg4+ 28. Kf2 Qh4+ 0-1

[Event "Late-Titled-Tuesday-Blitz-March-05-2024"]
[Site "Chess.com"]
[Date "2024.03.05"]
[Round "7"]
[White "KNVB"]
[Black "Alexei_Gubajdullin"]
[Result "1-0"]
[WhiteElo "2811"]
[BlackElo "2634"]
[TimeControl "180+1"]
[EndTime "15:13:30 PST"]
[Termination "KNVB won by checkmate"]

1. d4 Nf6 2. Bf4 g6 3. e3 Bg7 4. h3 O-O 5. c3 d6 6. Nf3 Nc6 7. Bh2 Nd7 8. a4 e5 9. a5 a6 10. Be2 f5 11. b4 g5 12. Na3 g4 13. hxg4 fxg4 14. Nd2 exd4 15. cxd4 Nxd4 16. exd4 Qh4 17.
O-O Bxd4 18. Ne4 g3 19. Nxg3 Ne5 20. Nc2 Ba7 21. Ne3 Rxf2 22. Rxf2 Bxe3 23. Qd5+ Kh8 24.
Rf1 Bg4 25. Qe4 Ba7 26. Kh1 Bxf2 27. Rxf2 Rg8 28. Rf1 Qh6 29. Nf5 Qh5 30. Ng3 Qh6 31.
Kg1 Bd7 32. Nf5 Qf6 33. Ne3 Qg7 34. Bxe5 dxe5 35. Bf3 Bc6 36. Qh4 e4 37. Bxe4 Qe5 38. Qxh7# 1-0

[Event "Late-Titled-Tuesday-Blitz-March-05-2024"]
[Site "Chess.com"]
[Date "2024.03.05"]
[Round "7"]
[White "maximnovik"]
[Black "becemix"]
[Result "1-0"]
[WhiteElo "2608"]
[BlackElo "2467"]
[TimeControl "180+1"]
[EndTime "15:13:30 PST"]
[Termination "maximnovik won by resignation"]

1. e4 e5 2. Nf3 Nc6 3. Bb5 a6 4. Ba4 f5 5. d4 exd4 6. e5 b5 7. Bb3 d6 8. exd6 Bxd6 9. O-O Na5 10. Re1+ Ne7 11. Qxd4 Nxb3 12. axb3 O-O 13. Bf4 Bb7 14.
Bxd6 cxd6 15. Nbd2 Kh8 16. Ng5 Qd7 17. Ne6 Rg8 18. Nc5 Qc6 19. Nxb7 Qxb7 20. Qxd6 Rad8 21. Qxe7 Qxe7 22. Rxe7 Rxd2 23. Rc7 Rgd8 24. h4 Rd1+ 25. Rxd1 Rxd1+ 26. Kh2 h5 27. Kg3 Rd2 28. b4 Rd4 29. c3 Rd2 30. Rc6 Rxb2 31. Rxa6 Kh7 32. Rc6 Rc2 33. Kf3 Rb2 34. g3 Rc2 35. Ke3 g6 36. f3 Rg2 37. Kf4 Rc2 38. Kg5 Rg2 39.
Rc7+ Kh8 40. Kh6 Kg8 41. Rg7+ Kf8 42. Rxg6 Rc2 43. Rg5 Rxc3 44. Rxf5+ Ke7 45. Kxh5 1-0

[Event "Late-Titled-Tuesday-Blitz-March-05-2024"]
[Site "Chess.com"]
[Date "2024.03.05"]
[Round "7"]
[White "ljuks68"]
[Black "OrtizAnahi2001"]
[Result "1-0"]
[WhiteElo "2444"]
[BlackElo "2529"]
[TimeControl "180+1"]
[EndTime "15:13:30 PST"]
[Termination "ljuks68 won by resignation"]

1. e4 c5 2. Nf3 e6 3. d4 cxd4 4. Nxd4 Nc6 5. Nc3 Qc7 6. Be3 Nf6 7. f3 a6 8. Qd2 Be7 9. O-O-O O-O 10. g4 b5 11. g5 Nh5 12. Nce2 Ne5 13. Ng3 g6 14. Nxh5 gxh5 15. f4 Ng4 16. Be2 d6 17. h3 Nxe3 18. Qxe3 e5 19. Nf5 Bxf5 20. exf5 Rac8 21. Bd3 f6 22. Rhg1 Kh8 23. Qf3 d5 24. fxe5 Qxe5 25.
Qxh5 Ba3 26. bxa3 Rfe8 27. Kb1 Qd6 28. Qh6 Qxa3 29. Qxf6+ Kg8 30. g6 Qb4+ 31. Qb2 Qxb2+ 32. Kxb2 hxg6 33. fxg6 1-0

[Event "Late-Titled-Tuesday-Blitz-March-05-2024"]
[Site "Chess.com"]
[Date "2024.03.05"]
[Round "7"]
[White "venturov"]
[Black "BilicVladimir"]
[Result "0-1"]
[WhiteElo "2465"]
[BlackElo "2625"]
[TimeControl "180+1"]
[EndTime "15:13:32 PST"]
[Termination "BilicVladimir won by checkmate"]

1. e4 e6 2. Nf3 d5 3. e5 c5 4. b4 cxb4 5. a3 bxa3 6. d4 Ne7 7. Bxa3 Nf5 8. Bxf8 Kxf8 9. c3 g6 10. h4 h5 11. Bd3 Kg7 12. g3 Nc6 13. O-O Bd7 14. Na3 a6 15. Nc2 b5 16. Ne3 Nxe3 17. fxe3 Ne7 18. e4 dxe4 19. Bxe4 Rc8 20. Rxa6 Rxc3 21.
Ng5 Nf5 22. Bxf5 exf5 23. Qe1 Rc6 24. Ra7 Be6 25. Qa1 Re8 26. Nxf7 Bxf7 27. d5 Rc7 28. e6+ Kg8 29. exf7+ Kxf7 30. Rc1 Rxa7 31. Qxa7+ Re7 32. Qd4 Qd6 33. Rc6 Qxg3+ 34. Kh1 Re1+ 35. Qg1 Qxg1# 0-1

[Event "Late-Titled-Tuesday-Blitz-March-05-2024"]
[Site "Chess.com"]
[Date "2024.03.05"]
[Round "7"]
[White "manitodeplomo"]
[Black "xasid81"]
[Result "1-0"]
[WhiteElo "2725"]
[BlackElo "2568"]
[TimeControl "180+1"]
[EndTime "15:13:36 PST"]
[Termination "manitodeplomo won by resignation"]

1. d4 d5 2. c4 c6 3. Nf3 Nf6 4. Nc3 e6 5. Bg5 Nbd7 6. e3 Be7 7. Qc2 h6 8. Bxf6 Nxf6 9. O-O-O b6 10. Kb1 Bb7 11.
cxd5 exd5 12. Bd3 Qc7 13. Rc1 a6 14. Ne5 Bd6 15. f4 O-O-O 16. Qe2 b5 17. Bxb5 axb5 18.
Nxb5 Qb6 19. Nxc6 Bxc6 20. Rxc6+ Qxc6 21. Na7+ Kd7 22. Nxc6 Kxc6 23. Rc1+ Kd7 24. a4 Rb8 25. Qa6 Rhc8 26. Rxc8 Rxc8 27. a5 Rc6 28. Qb5 Ne4 29. a6 Nd2+ 30. Ka2 Bb8 31. Qxd5+ Rd6 32. Qb7+ Ke6 33.
e4 Rxd4 34. b4 Nxe4 35. Qxb8 Nc3+ 36. Kb3 Nd5 37. a7 Rd3+ 38. Kc2 1-0

[Event "Late-Titled-Tuesday-Blitz-March-05-2024"]
[Site "Chess.com"]
[Date "2024.03.05"]
[Round "7"]
[White "lamomiajunior"]
[Black "guillembaches"]
[Result "1-0"]
[WhiteElo "2723"]
[BlackElo "2543"]
[TimeControl "180+1"]
[EndTime "15:13:38 PST"]
[Termination "lamomiajunior won by checkmate"]

1. d4 d5 2. c4 e6 3. Nc3 a6 4. cxd5 exd5 5. Nf3 Nf6 6. Bg5 Be6 7.
e3 Nbd7 8. Bd3 Bd6 9. O-O c6 10. Qc2 Qc7 11. Rfe1 h6 12. Bh4 g5 13. Bg3 Bxg3 14.
hxg3 Qd6 15. Rab1 Rg8 16. Rbd1 h5 17. e4 dxe4 18. Nxe4 Nxe4 19. Bxe4 Nf6 20. Bf5 O-O-O 21. Bxe6+ fxe6 22. Ne5 Rdf8 23. Nc4 Qd8 24. Rxe6 h4 25. d5 hxg3 26. dxc6 gxf2+ 27. Kf1 Qc7 28. Nb6+ Kb8 29. Qb3 Qh2 30. Nd7+ Nxd7 31. Qxb7# 1-0

[Event "Late-Titled-Tuesday-Blitz-March-05-2024"]
[Site "Chess.com"]
[Date "2024.03.05"]
[Round "7"]
[White "WPWPWP-2015"]
[Black "AldokhinIvan"]
[Result "1-0"]
[WhiteElo "2516"]
[BlackElo "2680"]
[TimeControl "180+1"]
[EndTime "15:13:41 PST"]
[Termination "WPWPWP-2015 won by resignation"]

1. e4 c5 2. Nf3 e6 3. c4 b6 4. Nc3 Bb7 5. d4 cxd4 6. Nxd4 d6 7.
Bd3 a6 8. O-O Nf6 9. Kh1 Nbd7 10. f4 g6 11. Bc2 Bg7 12. Re1 h5 13. Nf3 Qc7 14. Be3 Rc8 15. Ba4 O-O 16. Bd4 Rfd8 17. Bxd7 Rxd7 18. b3 e5 19. Be3 Ng4 20. Bg1 exf4 21.
Rc1 Ne3 22. Qd2 Bxc3 23. Rxc3 Bxe4 24. Bxe3 fxe3 25. Rcxe3 d5 26. cxd5 Bxd5 27. Qb2 Bxf3 28. Re8+ 1-0

[Event "Late-Titled-Tuesday-Blitz-March-05-2024"]
[Site "Chess.com"]
[Date "2024.03.05"]
[Round "7"]
[White "JSPrepz"]
[Black "Antipov_Mikhail_Al"]
[Result "1-0"]
[WhiteElo "2852"]
[BlackElo "2934"]
[TimeControl "180+1"]
[EndTime "15:13:43 PST"]
[Termination "JSPrepz won by resignation"]

1. e4 c5 2. Nf3 e6 3. c3 Nf6 4.
Bd3 d5 5. e5 Nfd7 6. Bc2 d4 7.
O-O Nc6 8. Re1 Be7 9. Qe2 g5 10. h3 h5 11. Qe4 Qc7 12. Na3 a6 13. Nc4 b5 14. Nd6+ Bxd6 15. exd6 Qxd6 16. Nxg5 Bb7 17. Nxf7 Kxf7 18. Qg6+ Kf8 19. Rxe6 Qf4 20. d3 Qf7 21. Bh6+ Rxh6 22. Qxh6+ Qg7 23. Rxc6 Bxc6 24. Qxc6 Re8 25. Bb3 dxc3 26. bxc3 Re7 27. Qc8+ Re8 28. Qxa6 Re7 29. Qxb5 Qxc3 30. Rf1 Ne5 31. Qb8+ Kg7 32. Qg8+ Kh6 33. f4 Nxd3 34. Qg5+ Kh7 35. Qxe7+ 1-0

[Event "Late-Titled-Tuesday-Blitz-March-05-2024"]
[Site "Chess.com"]
[Date "2024.03.05"]
[Round "7"]
[White "protectiago"]
[Black "JaackCamel"]
[Result "0-1"]
[WhiteElo "2059"]
[BlackElo "2196"]
[TimeControl "180+1"]
[EndTime "15:13:44 PST"]
[Termination "JaackCamel won on time"]

1. d4 d5 2. c4 e6 3. g3 c6 4.
Nf3 dxc4 5. Bg2 b5 6. O-O Bb7 7. Qc2 Nf6 8. Rd1 Nbd7 9. a4 a6 10. e4 h6 11. Nbd2 Be7 12. e5 Nd5 13. Ne4 O-O 14. Bd2 c5 15. dxc5 Nxc5 16. axb5 axb5 17. Rxa8 Qxa8 18. Nxc5 Bxc5 19. Be1 Nb4 20. Qe2 Nd3 21. Nh4 Rc8 22. Bxb7 Qxb7 23. Ng2 Qb6 24. Rd2 Ra8 25.
b3 Ra1 26. bxc4 bxc4 27. Ra2 Bxf2+ 28. Kf1 Rb1 0-1

[Event "Late-Titled-Tuesday-Blitz-March-05-2024"]
[Site "Chess.com"]
[Date "2024.03.05"]
[Round "7"]
[White "Genghis_K"]
[Black "Mr_Heisenberg13"]
[Result "0-1"]
[WhiteElo "2930"]
[BlackElo "2847"]
[TimeControl "180+1"]
[EndTime "15:13:45 PST"]
[Termination "Mr_Heisenberg13 won by resignation"]

1. e4 c5 2. Nf3 e6 3. c3 d5 4. e5 Nc6 5. d4 Bd7 6. Be2 Nge7 7. Na3 cxd4 8. cxd4 Nf5 9. Nc2 Be7 10.
O-O O-O 11. Bd2 f6 12. exf6 Bxf6 13. Bc3 Be8 14. Re1 Bh5 15. Ne5 Bxe2 16. Qxe2 Bxe5 17. dxe5 Qg5 18. Qd3 Rac8 19. Rad1 h5 20. Qh3 Nce7 21. Ne3 Ng6 22. Nxf5 Rxf5 23. Qg3 Qxg3 24. hxg3 Rc4 25.
f3 Ne7 26. Rd4 Rxd4 27. Bxd4 Nc6 28. Bc3 d4 29. Bd2 Rxe5 30. Rd1 Rc5 31. b4 Rc2 32. b5 Ne7 33. Bg5 Nf5 34. g4 hxg4 35. fxg4 Ng3 36. a4 e5 37. Bh4 Ne2+ 38. Kf1 e4 39. a5 d3 40. Bf2 Nc3 41. Ra1 d2 42. Bxa7 Rc1+ 0-1

[Event "Late-Titled-Tuesday-Blitz-March-05-2024"]
[Site "Chess.com"]
[Date "2024.03.05"]
[Round "7"]
[White "OPQRC"]
[Black "esrosenberg"]
[Result "1-0"]
[WhiteElo "2567"]
[BlackElo "2443"]
[TimeControl "180+1"]
[EndTime "15:13:47 PST"]
[Termination "OPQRC won by resignation"]

1. e4 e6 2. d4 d5 3. Nd2 c5 4.
dxc5 Bxc5 5. Bd3 Nf6 6. Qe2 Nc6 7. Ngf3 a6 8. O-O h6 9. b3 O-O 10. Bb2 Re8 11. Rad1 e5 12. exd5 Nxd5 13. Qe4 f5 14. Qc4 Qd6 15. Ne4 fxe4 16. Bxe4 Bd4 17. Nxd4 exd4 18.
Qxd5+ Qxd5 19. Bxd5+ Kh7 20. Bxd4 Bf5 21. c4 Rad8 22.
Bb6 Rd7 23. Rfe1 Rde7 24. Rxe7 Rxe7 25. h3 Re2 26. a4 Bc2 27. Rc1 Bxb3 28. a5 Ra2 29.
Rc3 Bc2 30. Rxc2 1-0

[Event "Late-Titled-Tuesday-Blitz-March-05-2024"]
[Site "Chess.com"]
[Date "2024.03.05"]
[Round "7"]
[White "Veleamater"]
[Black "PepeCuenca"]
[Result "0-1"]
[WhiteElo "2322"]
[BlackElo "2678"]
[TimeControl "180+1"]
[EndTime "15:13:47 PST"]
[Termination "PepeCuenca won by resignation"]

1. g3 g6 2. Bg2 Bg7 3. d3 c5 4.
Nc3 Nc6 5. e4 Rb8 6. f4 b5 7.
Nf3 b4 8. Ne2 d6 9. h3 e6 10.
O-O Nge7 11. g4 f5 12. Ng3 O-O 13. g5 d5 14. e5 d4 15. h4 Nd5 16. Qe2 Rf7 17. h5 Bb7 18. Nh4 Nce7 19. Bd2 a5 20.
Kh2 Nb6 21. Rh1 Qd7 22. Bf3 Bxf3 23. Nxf3 Qc6 24. Kg2 Rd8 25. Kf2 c4 26. Nh4 c3 27.
bxc3 bxc3 28. Bc1 Nbd5 29. Ng2 Rb8 30. Ba3 Qa4 31. Bxe7 Rxe7 32. Nh4 Rb2 33. hxg6 hxg6 34. Nxg6 Rxc2 35. Nxe7+ Nxe7 36. Rhc1 Rxe2+ 37. Nxe2 Nd5 38. Rab1 Qxa2 39. Kf3 Qd2 40. Re1 Qxd3+ 41. Kg2 Ne3+ 42. Kg1 Qe4 0-1

[Event "Late-Titled-Tuesday-Blitz-March-05-2024"]
[Site "Chess.com"]
[Date "2024.03.05"]
[Round "7"]
[White "jcibarra"]
[Black "kids2010"]
[Result "1-0"]
[WhiteElo "2937"]
[BlackElo "2803"]
[TimeControl "180+1"]
[EndTime "15:13:49 PST"]
[Termination "jcibarra won by resignation"]

1. e4 c6 2. Nf3 d5 3. d3 dxe4 4. dxe4 Qxd1+ 5. Kxd1 Nf6 6. Nbd2 g6 7. Ne5 Bg7 8. Nd3 b6 9. f3 c5 10. c3 Nc6 11. Kc2 Bb7 12. Nc4 O-O 13. a4 Nd7 14.
Bf4 f5 15. exf5 gxf5 16. Re1 Rae8 17. Nde5 Ndxe5 18. Nxe5 Nxe5 19. Bxe5 Bxe5 20. Rxe5 Bc8 21. Bb5 Kf7 22. Rhe1 e6 23. Bxe8+ Rxe8 24. g4 Rg8 25. gxf5 exf5 26. Re7+ Kf6 27. R1e2 f4 28. Rxa7 Bf5+ 29. Kb3 Be6+ 30. Ka3 Rg1 31. b3 Rb1 32. c4 Bf5 33.
Rb7 Ra1+ 34. Ra2 Rf1 35. Rxb6+ Ke5 36. a5 Rxf3 37. a6 Kd4 38. a7 Be4 39. Rd6+ Kc3 40. Rd5 1-0